 Dungeon Crawl Stone Soup version 0.31-a0-237-g2d982f9f85 (webtiles) character file.

Game seed: 4991785030999345202

105 qw the Shooter (level 4, -1/26 HPs)
             Began as a Gargoyle Hexslinger on July 10, 2023.
             Slain by a gnoll
             ... wielding a +0 spear
              (5 damage)
             ... on level 3 of the Dungeon.
             The game lasted 00:00:43 (1497 turns).

qw the Shooter (Gargoyle Hexslinger)                Turns: 1497, Time: 00:00:44

Health: -1/26      AC:  8    Str: 11    XL:     4   Next: 83%
Magic:  5/5        EV: 10    Int: 14    God:
Gold:   98         SH:  0    Dex: 14    Spells: 4/5 levels left

rFire   . . .        Y - +1 sling
rCold   . . .        (no shield)
rNeg    + . .        g - +0 ring mail
rPois   inf          (no helmet)
rElec   +            (no cloak)
rCorr   .            (no gloves)
SInv    .            (no boots)
Will    .....        (no amulet)
Stlth   +            (no ring)
HPRegen 0.24/turn    (no ring)
MPRegen 0.09/turn

%: no passive effects
@: no status effects
A: sickness immunity, AC +3, negative energy resistance 1, electricity
resistance, torment resistance 1, petrification resistance
a: no special abilities


You were on level 3 of the Dungeon.
You visited 1 branch of the dungeon, and saw 3 of its levels.

You collected 98 gold pieces.


Innate Abilities, Weirdness & Mutations

You are immune to sickness and miasma.
Your stone body is resilient. (AC +3)
You are immune to poison.
You resist negative energy. (rN+)
You are resistant to electric shocks. (rElec)
You are resistant to unholy torment.
You are immune to petrification.


   Skills:
 - Level 2.0 Fighting
 + Level 4.3 Ranged Weapons
 - Level 1.0 Armour
 - Level 1.5 Dodging
 - Level 1.0 Spellcasting
 - Level 2.6 Hexes


You had 4 spell levels left.
You knew the following spells:

 Your Spells              Type           Power      Damage    Failure   Level
a - Slow                  Hex            32%        N/A       21%         1

Your spell library contained the following spells:

 Spells                   Type           Power      Damage    Failure   Level
 Inner Flame              Hex/Fire       4%         N/A       71%         3
 Portal Projectile        Hex/Tloc       8%         N/A       71%         3
 Cause Fear               Hex            4%         N/A       90%         4

Inventory:

Hand Weapons
 Y - a +1 sling (weapon)
Armour
 g - a +0 ring mail (worn)
Potions
 a - a potion of degeneration {unknown}
 b - a potion of ambrosia {unknown}
 d - 3 potions of curing
 e - a potion of brilliance {unknown}

Dungeon Overview and Level Annotations

Branches:
Dungeon (3/15)

Altars:


Message History

The orc is moderately wounded.
The orc barely misses you.
The gnoll hits you from afar with a +0 spear.
The orc hits you with a +0 hand axe. The gnoll closely misses you.
You shoot a sling bullet. The sling bullet hits the orc.
The orc is heavily wounded.
The gnoll closely misses you. The orc hits you but does no damage.
The gnoll misses you.
You shoot a sling bullet. The sling bullet hits the orc.
You kill the orc!
The gnoll barely misses you. The gnoll hits you but does no damage.
You shoot a sling bullet.
The sling bullet closely misses the goblin.
The sling bullet closely misses the gnoll.
The sling bullet barely misses the gnoll.
The gnoll hits you from afar with a +0 spear.
The goblin hits you with a +0 dagger. The gnoll barely misses you.
The gnoll hits you from afar with a +0 spear.
The gnoll barely misses you. The goblin closely misses you.
You shoot a sling bullet. The sling bullet hits the goblin.
You kill the goblin!
The gnoll barely misses you. x2
You shoot a sling bullet. The sling bullet hits the gnoll.
The gnoll is moderately wounded.
The gnoll hits you but does no damage.
The gnoll hits you from afar with a +0 spear.
The gnoll hits you from afar with a +0 spear!
You shoot a sling bullet.
The sling bullet barely misses the gnoll.
The sling bullet closely misses the gnoll.
The gnoll barely misses you.
The gnoll hits you from afar with a +4 heavy halberd.
The gnoll barely misses you.
The gnoll hits you from afar with a +0 spear.
The gnoll misses you. The gnoll barely misses you.
You shoot a sling bullet.
The sling bullet closely misses the gnoll.
The gnoll barely misses you. The gnoll hits you with a +0 club.
The gnoll hits you from afar with a +0 spear.
You die...

#....%...#
#.#.#.##.# ##
#.<........ .
####...#######.# #
#...........# '#.##
#.##...####.#......
#.##...# #.#......
#.###..####g.g.....
#.#........@)g.....
#.....#.#####g.....
#...###.# .....
#...# #.# ....
#...# #.# ###
####...# #.####
#......# #....#
#.##..^# ####.#
#.##...# #.###


You could see 4 gnolls.

Vanquished Creatures
  A gnoll (D:1)
  4 adders
  A dart slug (D:1)
  An orc (D:3)
  3 ball pythons
  6 endoplasms
  8 goblins
  8 hobgoblins
  6 kobolds
  4 quokkas
  2 bats (D:1)
  3 frilled lizards
  5 rats
52 creatures vanquished.

Notes
Turn   | Place    | Note
-------+----------+-------------------------------------------
     0 | D:1      | qw the Gargoyle Hexslinger began the quest for the Orb.
     0 | D:1      | Reached XP level 1. HP: 12/12 MP: 2/2
     0 | D:1      | 0 ||| qw: Version: 0.3-a-52-g30416fa
     0 | D:1      | 0 ||| qw: Game counter: 5186
     0 | D:1      | 0 ||| qw: Melee chars always use a shield: true
     0 | D:1      | 0 ||| qw: God list: Okawaru
     0 | D:1      | 0 ||| qw: Allow faded altars: false
     0 | D:1      | 0 ||| qw: Do Orc after clearing Dungeon:15 true
     0 | D:1      | 0 ||| qw: Do second Lair branch before Depths: true
     0 | D:1      | 0 ||| qw: Lair rune preference: random
     0 | D:1      | 0 ||| qw: Goals: Normal
     0 | D:1      | 0 ||| PLANNING D:1-11
    38 | D:1      | Reached XP level 2. HP: 16/16 MP: 3/3
   130 | D:1      | Reached skill level 3 in Ranged Weapons
   349 | D:1      | Reached XP level 3. HP: 20/21 MP: 4/4
   626 | D:1      | 626 ||| UPGRADING to +0 ring mail.
   636 | D:1      | 636 ||| DROPPING +0 robe.
   637 | D:1      | 637 ||| READING scroll labelled LALYIDDIOCK.
   638 | D:1      | 638 ||| DRINKING 2 golden potions.
   639 | D:1      | 639 ||| DROPPING scroll of poison.
   797 | D:2      | Reached XP level 4. HP: 23/26 MP: 5/5
   814 | D:2      | Identified the +3 dagger "Ruanil" {freeze, *Slow rF+ rN+++
                  | Dex+2}
   888 | D:2      | Reached skill level 4 in Ranged Weapons
  1018 | D:2      | Reached skill level 1 in Armour
  1379 | D:2      | 1379 ||| READING scroll labelled PAVEOB FUQO AKEA.
  1496 | D:3      | HP: 6/26 [gnoll/+0 spear (1)]
  1497 | D:3      | Slain by a gnoll

Levels and vault maps discovered:
D:1:      dpeg_arrival_rooms_c, layout_basic, chequers_serial_rivers_room_b,
          st_stairs_5, kennysheep_decorative_pillar
D:2:      layout_loops_ring, minmay_misc_feat_enclosed, minmay_tripent
D:3:      layout_basic, mainiacjoe_overflow_catwalk, hellmonk_no_cap

Skill      XL: |  1  2  3  4 |
---------------+-------------+-----
Ranged Weapons | 3 4 |  4.3
Fighting       | 2 |  2.0
Armour         | 1 |  1.0
Dodging        | |  1.5
Spellcasting   | |  1.0
Hexes          | |  2.6

Action                     |  1- 3 |  4- 6 || total
---------------------------+-------+-------++-------
   Fire: Sling             |   110 |    84 ||   194
    Use: Scroll            |     1 |     1 ||     2
         Potion            |     1 |       ||     1
 Armour: Robe              |     5 |       ||     5
         Ring mail         |     6 |    27 ||    33
  Dodge: Dodged            |    17 |    40 ||    57

Table legend:
 A = Non-vault XP
 B = Vault XP
 C = Vault XP percentage of total XP
 D = Non-vault monster count
 E = Vault monster count
 F = Vault count percentage of total count
                 A         B        C        D         E       F
            +---------+---------+-------+---------+---------+-------
      Total |     145 |       6 |   4.0 |      48 |       4 |   7.7
            +---------+---------+-------+---------+---------+-------
        D:1 |      55 |       3 |   5.2 |      23 |       2 |   8.0
        D:2 |      66 |       3 |   4.3 |      19 |       2 |   9.5
        D:3 |      24 |       0 |   0.0 |       6 |       0 |   0.0
            +---------+---------+-------+---------+---------+-------
